 Dungeon Crawl Stone Soup version 0.30-a0-578-gdee14c521f (webtiles) character file.

Game seed: 2236946148849070549

3196 experimilk the Destroyer (level 9, -3/62 (69) HPs)
             Began as a White Draconian Conjurer on Dec 31, 2022.
             Was a Priest of Vehumet.
             Killed from afar by an orc sorcerer (30 damage)
             ... with a bolt of negative energy
             ... on level 8 of the Dungeon.
             The game lasted 00:20:41 (10708 turns).

experimilk the Destroyer (DrCj)                    Turns: 10708, Time: 00:20:42

HP:   -3/62 (69)    AC: 14    Str:  9    XL:     9   Next: 64%
MP:   3/16          EV: 12    Int: 23    God:    Vehumet [***...]
Gold: 363           SH:  0    Dex: 10    Spells: 2/18 levels left

rFire   + . .      SeeInvis .    y - +4 short sword (venom)
rCold   + . .      Faith    .    D - orb {light}
rNeg    . . .      Spirit   .    (body armour unavailable)
rPois   .          Reflect  .    (helmet restricted)
rElec   .          Harm     .    q - +1 cloak
rCorr   .          Rampage  .    s - +0 pair of gloves
Will    .....                    (no boots)
Stlth   +                        (no amulet)
HPRegen 0.30/turn                C - +4 ring of protection
MPRegen 0.15/turn                H - ring of protection from fire

@: glowing, heavily drained
A: breathe frost, AC +7, unfitting armour, cold resistance 1, cold-blooded
a: Breathe Frost, Renounce Religion


You were on level 8 of the Dungeon.
You worshipped Vehumet.
Vehumet was most pleased with you.
You visited 2 branches of the dungeon, and saw 9 of its levels.
You also visited: Sewer.

You collected 363 gold pieces.

Inventory:

Hand Weapons
 a - a +0 whip
 i - a +0 short sword
 y - a +4 short sword of venom (weapon)
 E - a +6 short sword
Missiles
 w - a throwing net
Armour
 q - a +1 cloak (worn)
 s - a +0 pair of gloves (worn)
 D - an orb of light (worn)
Jewellery
 m - a ring of resist corrosion
 C - a +4 ring of protection (left hand)
 H - a ring of protection from fire (right hand)
 I - a ring of flight
Wands
 o - a wand of mindburst (34)
 x - a wand of roots (16)
 B - a wand of flame (21)
Scrolls
 c - 4 scrolls of blinking
 e - 3 scrolls of enchant armour
 f - 7 scrolls of teleportation
 h - a scroll of acquirement {unknown}
 j - a scroll of silence {unknown}
 l - a scroll of noise {unknown}
 n - 3 scrolls of fog
 r - a scroll of poison {unknown}
 t - a scroll of magic mapping {unknown}
 A - 2 scrolls of enchant weapon {unknown}
Potions
 b - a potion of ambrosia
 d - a potion of mutation {unknown}
 g - 2 potions of might
 k - a potion of lignification {unknown}
 p - a potion of resistance {unknown}
 u - 3 potions of heal wounds
 v - a potion of cancellation {unknown}
 z - 2 potions of brilliance
 F - 2 potions of curing
 G - a potion of attraction {unknown}


   Skills:
 - Level 3.0 Fighting
 - Level 3.0 Dodging
 - Level 1.7 Stealth
 - Level 5.0 Spellcasting
 - Level 11.0 Conjurations
 - Level 5.0 Translocations
 * Level 4.1 Ice Magic


You had 2 spell levels left.
You knew the following spells:

 Your Spells              Type           Power      Damage    Failure   Level
b - Magic Dart            Conj           100%       1d8       1%          1
c - Hailstorm             Conj/Ice       40%        3d10      1%          3
g - Gell's Gravitas       Tloc           28%        N/A       3%          3
s - Frozen Ramparts       Ice            50%        1d8       1%          3
x - Iskenderun's Mystic   Conj/Tloc      42%        2d10      1%          4
z - Searing Ray           Conj           100%       2d8       1%          2

Your spell library contained the following spells:

 Spells                   Type           Power      Damage    Failure   Level
 Inner Flame              Hex/Fire       5%         N/A       8%          3
 Freeze                   Ice            100%       1d10      1%          1
 Poisonous Vapours        Pois/Air       10%        N/A       4%          2
 Scorch                   Fire           10%        2d5       4%          2
 Slow                     Hex            20%        N/A       10%         1
 Cigotuvi's Dreadful Rot  Necr/Pois/Air  10%        N/A       14%         2
 Dazzling Flash           Conj/Hex       62%        N/A       1%          3
 Mephitic Cloud           Conj/Pois/Air  22%        N/A       1%          3
 Flame Wave               Conj/Fire      31%        2d9       2%          4
 Fulminant Prism          Conj/Hex       15%        3d10      2%          4
 Teleport Other           Tloc           28%        N/A       3%          3
 Portal Projectile        Hex/Tloc       34%        N/A       10%         3
 Confusing Touch          Hex            5%         N/A       28%         3
 Tukima's Dance           Hex            5%         N/A       28%         3
 Vampiric Draining        Necr           5%         2d6       28%         3
 Dispersal                Tloc           14%        N/A       88%         6
 Blade Hands              Tmut           2%         N/A       95%         5
 Summon Cactus Giant      Summ           2%         N/A       100%        6


Dungeon Overview and Level Annotations

Branches:
Dungeon (8/15)             Temple (1/1) D:4           Sewer (visited)
   Lair: D:8-11

Altars:
Ashenzari
Cheibriados
Dithmenos
Elyvilon
Fedhas
Gozag
Hepliaklqana
Kikubaaqudgha
Makhleb
Nemelex Xobeh
Okawaru
Qazlal
Ru
Sif Muna
Trog
Uskayaw
Vehumet
Xom
Zin
The Shining One

Shops:
D:8 *

Annotations:
D:6 1 runed translucent door, Crazy Yiuf


Innate Abilities, Weirdness & Mutations

You can breathe waves of freezing cold which knock back foes.
Your icy white scales are hard. (AC +7)
You cannot fit into any form of body armour.
Your flesh is cold resistant. (rC+)
You are cold-blooded and may be slowed by cold attacks.


Message History

The steam dragon hisses angrily.
You hear a shout!
An orc sorcerer comes into view. It is wielding a +0 dagger.
The steam dragon moves out of view.
You hear an angry hiss.
You hear a shout!
You hear a shout! x2
You start waiting.
An orc sorcerer is nearby!
Casting: Iskenderun's Mystic Blast (dangerous; 1% risk of failure)
Confirm with . or Enter, or press ? or * to list all spells.
Casting: Hailstorm (safe; 1% risk of failure)
Press: ? - help, Dir - look around, f - activate A cannonade of hail descends around you!
The hail pelts the orc sorcerer.
The orc sorcerer is lightly wounded.
Casting: Hailstorm (safe; 1% risk of failure)
Confirm with . or Enter, or press ? or * to list all spells.
You erupt in a blast of force!
The mystic blast hits the orc sorcerer!
The orc sorcerer is moderately wounded.
The orc sorcerer is knocked back by the mystic blast.
You hear a shout! x3
Casting: Iskenderun's Mystic Blast (dangerous; 1% risk of failure)
Confirm with . or Enter, or press ? or * to list all spells.
Casting: Hailstorm (safe; 1% risk of failure)
Press: ? - help, Dir - look around, f - activate A cannonade of hail descends around you!
The hail pelts the orc sorcerer!
The orc sorcerer is heavily wounded.
The orc sorcerer gestures at you while chanting.
The bolt of negative energy hits you!!!
You feel drained.
Ouch! That really hurt!
Casting: Hailstorm (safe; 1% risk of failure)
Confirm with . or Enter, or press ? or * to list all spells.
Casting: Hailstorm (safe; 1% risk of failure)
Press: ? - help, Dir - look around, f - activate A cannonade of hail descends around you!
The hail pelts the orc sorcerer!
The orc sorcerer is almost dead.
The orc sorcerer gestures at you while chanting.
The bolt of negative energy hits you!!
You feel drained.
You die...

.........# #.#
###.....## #..
#......### ###
#........# .
#.....##.## ~≈
#..)..##..## #≈
#.....###..### #≈
#............#
..#~.#####@...........#
###
........##............#
#.. #...............#
### #.##o...........#
## #.##.....######## #.
#.##.....##_..._# #.
..#########≈#'#≈####.
### # #.###....
#.#......


You could see an orc sorcerer.

Vanquished Creatures
  Prince Ribbit (D:5)
  A hornet (D:8)
  Sigmund (D:3)
  2 water moccasins
  An ice beast (D:6)
  A sky beast (D:8)
  4 black bears
  A centaur (D:6)
  A phantom (D:5)
  3 kobold brigands (Sewer)
  2 necrophages
  3 bullfrogs
  A gnoll sergeant (D:7)
  A scorpion (D:4)
  5 wights (D:7)
  3 howler monkeys (D:7)
  7 hounds
  2 jellies (D:6)
  A gnoll bouda (Temple)
  An iguana (D:5)
  16 gnolls
  9 adders
  3 river rats (Sewer)
  A shadow imp (D:7)
  2 white imps
  2 ufetubi (D:5)
  2 worms
  6 dart slugs
  29 orcs
  7 bats
  5 endoplasms
  3 giant cockroaches
  6 goblins
  6 hobgoblins
  5 jackals (Sewer)
  5 quokkas
  12 ball pythons
  8 frilled lizards
  8 kobolds
  9 rats
186 creatures vanquished.

Vanquished Creatures (others)
  19 plants
19 creatures vanquished.

Grand Total: 205 creatures vanquished

Notes
Turn   | Place    | Note
-------+----------+-------------------------------------------
     0 | D:1      | experimilk the Draconian Conjurer began the quest for the
                  | Orb.
     0 | D:1      | Reached XP level 1. HP: 14/14 MP: 3/3
   165 | D:1      | Reached XP level 2. HP: 3/22 MP: 0/5
   168 | D:1      | Learned a level 2 spell: Searing Ray
   371 | D:1      | Reached skill level 1 in Fighting
  1022 | D:1      | Reached XP level 3. HP: 28/28 MP: 2/6
  2585 | D:3      | Noticed Sigmund
  2597 | D:3      | Killed Sigmund
  2598 | D:3      | Reached skill level 5 in Conjurations
  2598 | D:3      | Reached XP level 4. HP: 12/38 MP: 1/8
  2598 | D:3      | Reached XP level 5. HP: 15/45 MP: 1/9
  2925 | D:3      | Noticed a black bear
  2966 | D:3      | Killed a black bear
  2967 | D:3      | Reached skill level 6 in Conjurations
  2967 | D:3      | Reached XP level 6. HP: 51/51 MP: 1/10
  3824 | D:4      | Reached skill level 7 in Conjurations
  3977 | D:4      | Your scales start taking on an icy white colour.
  3977 | D:4      | Reached XP level 7. HP: 57/57 MP: 8/11
  3977 | D:4      | Gained mutation: Your flesh is cold resistant. (rC+) [White
                  | Draconian growth]
  4117 | D:4      | Found a staircase to the Ecumenical Temple.
  4122 | Temple   | Entered the Ecumenical Temple
  4167 | Temple   | Became a worshipper of Vehumet
  4666 | D:4      | Learned a level 4 spell: Iskenderun's Mystic Blast
  4667 | D:5      | Entered Level 5 of the Dungeon
  4667 | D:5      | Noticed Prince Ribbit
  4676 | D:5      | Killed Prince Ribbit
  4677 | D:5      | Reached skill level 8 in Conjurations
  4677 | D:5      | Reached skill level 1 in Translocations
  4743 | D:5      | Found a snail-covered altar of Cheibriados.
  4884 | D:5      | Found a glowing drain.
  4893 | D:5      | Reached * piety under Vehumet
  4893 | D:5      | Offered knowledge of Shock by Vehumet.
  4900 | Sewer    | Entered a sewer
  5380 | Sewer    | Reached XP level 8. HP: 63/63 MP: 9/12
  6169 | D:5      | Reached skill level 9 in Conjurations
  6202 | D:5      | Learned a level 3 spell: Gell's Gravitas
  6259 | D:5      | Found a white marble altar of Elyvilon.
  6380 | D:5      | Found a shimmering altar of Xom.
  6385 | D:5      | Offered knowledge of Poisonous Vapours by Vehumet.
  6605 | D:5      | Reached ** piety under Vehumet
  6707 | D:5      | Found a sparkling altar of Nemelex Xobeh.
  6830 | D:5      | Found an ancient bone altar of Kikubaaqudgha.
  6832 | D:5      | Found a blossoming altar of Fedhas.
  7104 | D:6      | Found a runed translucent door.
  7105 | D:6      | Noticed Crazy Yiuf
  7258 | D:6      | You fall into a shaft and drop 1 floor!
  7689 | D:6      | Reached skill level 5 in Translocations
  7689 | D:6      | Reached XP level 9. HP: 69/69 MP: 7/14
  7696 | D:6      | Reached skill level 10 in Conjurations
  8131 | D:6      | Learned a level 3 spell: Frozen Ramparts
  8135 | D:6      | Learned a level 3 spell: Hailstorm
  8536 | D:7      | Reached skill level 1 in Ice Magic
  9367 | D:7      | Found a large runed translucent door.
  9367 | D:7      | Found a large runed translucent door.
  9388 | D:7      | Offered knowledge of Inner Flame by Vehumet.
 10322 | D:7      | Found a hide-covered altar of Uskayaw.
 10325 | D:7      | Found a burning altar of Makhleb.
 10344 | D:8      | Found Osiodgh's Assorted Antiques.
 10497 | D:8      | Found a glowing silver altar of Zin.
 10497 | D:8      | Found a broken altar of Ashenzari.
 10629 | D:8      | Reached *** piety under Vehumet
 10630 | D:8      | Reached skill level 5 in Spellcasting
 10630 | D:8      | Reached skill level 11 in Conjurations
 10696 | D:8      | Noticed an orc sorcerer
 10708 | D:8      | Killed from afar by an orc sorcerer

Illustrated notes

Levels and vault maps discovered:
D:1:      minmay_arrival_floating_metal, layout_basic
D:2:      layout_loops_ring, wander_ebering_terrifying_dragon_lair
D:3:      layout_loops_ring, minivault_4, uniq_sigmund
D:4:      layout_cave_pools, temple_statues, serial_forest,
          infiniplex_forest_lined_room_2, infiniplex_forest_fountain,
          infiniplex_forest_clump_long, infiniplex_forest_clump_tiny,
          infiniplex_forest_clump_large, infiniplex_forest_3_way,
          infiniplex_forest_pool, corexii_leaking_fountain
D:5:      layout_loops_ring, nemelex_xobeh_ov_fountains_minmay,
          kennysheep_slug_shrine, grunt_temple_overflow_growth_and_decay,
          cheibrodos_sewer_entry_sluice, hangedman_feature_mirror,
          uniq_prince_ribbit1
D:6:      layout_loops_ring, uniq_crazy_yiuf_cottage
D:7:      layout_rooms, jmf_multi_god_temple2, serial_co_window_serial,
          co_window_corner_a, co_window_corner_a, co_window_paths_a,
          co_window_paths_a, co_window_corner_a, co_window_broadway_c,
          co_window_paths_c, co_window_unsneaky_path_a, co_window_corner_b,
          co_window_paths_e, glass_columns_a, glass_columns_c, glass_columns_b
D:8:      cheibrodos_wizards_tower, layout_basic,
          gammafunk_temple_overflow_elements, serial_shops,
          nicolae_shop_overgrown_old_shop, uniq_maurice
Temple:   nicolae_temple_god_jail

Skill      XL: |  1  2  3  4  5  6  7  8  9 |
---------------+----------------------------+-----
Fighting       | 1 3 |  3.0
Spellcasting   | 3 5 |  5.0
Conjurations   | 5 6 7 8 9 11 | 11.0
Dodging        | 2 3 |  3.0
Translocations | 3 5 |  5.0
Ice Magic      | 4 |  4.1
Stealth        | |  1.7

Action                   |  1- 3 |  4- 6 |  7- 9 || total
-------------------------+-------+-------+-------++-------
Melee: Unarmed           |    17 |       |       ||    17
       Whip              |     5 |       |       ||     5
       Tailslap          |     2 |     1 |    12 ||    15
       Punch             |     1 |       |     1 ||     2
       Short sword       |       |     1 |    64 ||    65
 Cast: Magic Dart        |    37 |    24 |    69 ||   130
       Searing Ray       |    21 |    14 |    67 ||   102
       Iskenderun's Myst |       |       |     8 ||     8
       Hailstorm         |       |       |    18 ||    18
       Frozen Ramparts   |       |       |     2 ||     2
       Gell's Gravitas   |       |       |     1 ||     1
 Abil: Breathe Frost     |       |       |    14 ||    14
Evoke: Wand              |       |       |     4 ||     4
  Use: Potion            |     2 |       |       ||     2
       Scroll            |     3 |     1 |     5 ||     9
Armor: Skin              |     4 |     7 |    42 ||    53
Dodge: Dodged            |    25 |     6 |    74 ||   105

Table legend: (Time is in decaauts)
 A = Elapsed time spent in this place.
 B = Non-inter-level travel time spent in this place.
 C = Inter-level travel time spent in this place.
 D = Time resting spent in this place.
 E = Time spent auto-exploring this place.
 F = Levels seen in this place.
 G = Mean time per level.
                   A        B        C        D        E       F      G
               +--------+--------+--------+--------+--------+-----+--------+
         Total |  10869 |  10607 |    262 |   1956 |   7312 |  10 | 1086.9 |
       Dungeon |   9336 |   9087 |    249 |   1489 |   6520 |   8 | 1167.0 |
        Temple |    129 |    116 |     13 |     63 |     29 |   1 |  129.0 |
         Sewer |   1403 |   1403 |      0 |    404 |    763 |   1 | 1403.0 |
               +--------+--------+--------+--------+--------+-----+--------+

Top non-repeatable levels by time:
     D:7: 2045 daAuts
     D:1: 1455 daAuts
   Sewer: 1403 daAuts
     D:6: 1218 daAuts
     D:5: 1154 daAuts
     D:3: 1124 daAuts
     D:2: 1086 daAuts
     D:4: 888 daAuts
     D:8: 362 daAuts
  Temple: 129 daAuts
